 Dungeon Crawl Stone Soup version 0.21-a0-525-ga34b322 (webtiles) character file.

42 slep the Chopper (level 3, 0/18 HPs)
             Began as a Vine Stalker Gladiator on Dec 8, 2017.
             Slain by a worm (4 damage)
             ... on level 2 of the Dungeon.
             The game lasted 00:03:55 (1223 turns).

slep the Chopper (Vine Stalker Gladiator)           Turns: 1223, Time: 00:03:56

Health: 0/18       AC:  2    Str: 17    XL:     3   Next: 54%
Magic:  0/4        EV: 10    Int:  8    God:
Gold:   146        SH:  7    Dex: 15    Spells: 2/2 levels left

rFire    . . .     SeeInvis .   a - +0 war axe
rCold    . . .     Gourm    .   g - +0 shield
rNeg     . . .     Faith    .   b - +0 leather armour
rPois    .         Spirit   +   c - +0 helmet
rElec    .         Reflect  .   (no cloak)
rCorr    .         Harm     .   h - +0 pair of gloves
MR       .....                  (no boots)
Stlth    +.........             (no amulet)
HPRegen  0.06/turn              l - -3 ring of protection (curse)
MPRegen  0.09/turn              (no ring)

@: no status effects
A: fangs 2, magic shield, antimagic bite, no potion heal 3, rot immunity
a: no special abilities


You were on level 2 of the Dungeon.
You were not hungry.

You visited 1 branch of the dungeon, and saw 2 of its levels.

You collected 146 gold pieces.

Inventory:

Hand Weapons
 a - a +0 war axe (weapon)
 p - a +1 hunting sling of flaming
Missiles
 d - 3 throwing nets (quivered)
 m - 6 javelins of returning
Armour
 b - a +0 leather armour (worn)
 c - a +0 helmet (worn)
 g - a +0 shield (worn)
 h - a +0 pair of gloves (worn)
Jewellery
 l - a cursed -3 ring of protection (left hand)
Scrolls
 e - 3 scrolls of identify {unknown}
 i - a scroll of blinking {unknown}
 j - a scroll of teleportation {unknown}
 o - a scroll of random uselessness {unknown}
 q - a scroll of remove curse {unknown}
Potions
 k - a potion of curing {unknown}
Comestibles
 f - 2 bread rations
 n - a meat ration
 r - a chunk of flesh


   Skills:
 + Level 2.0 Fighting
 + Level 3.3 Axes
 + Level 1.7 Throwing
 + Level 1.0 Armour
 + Level 2.7 Dodging
 + Level 0.1 Shields


You had 2 spell levels left.
You didn't know any spells.

Dungeon Overview and Level Annotations

Branches:
Dungeon (2/15)

Altars:
Cheibriados
Dithmenos
Nemelex Xobeh
Ru


Innate Abilities, Weirdness & Mutations

You have extremely sharp teeth.
When hurt, damage is shared between your health and your magic reserves.
Your bite disrupts and absorbs the magic of your enemies.
Potions cannot restore your health.
You are immune to rotting.


Message History

You feel invigorated.
The worm is moderately wounded.
You hit the worm. Your bite misses the worm.
The worm is heavily wounded.
The worm bites you.
Your shield prevents you from hitting the worm.
The worm is heavily wounded.
The worm closely misses you.
You hit the worm but do no damage.
The worm is heavily wounded.
The worm bites you!
* * * LOW HITPOINT WARNING * * *
You hit the worm.
The worm is severely wounded.
The worm closely misses you.
You hit the worm but do no damage. You bite the worm. You drain its power.
You feel invigorated.
The worm is severely wounded.
The worm bites you!
You die...

............ ..##.#.#..........
.....## #.##.#
......#.##...._...# .# #....#
......#.##........###. #....#
......#.............. .....#
###.........._..8.....#
.....#.......................# #
................w##......_...#.#
.....######.. #.@##........#.#.#
..)..######...#...........(....#
..............#..##.#.##.#.#.#.#
....................#.##.#.#.#.#
......###.##..#..####.##.#.#.# #
.......................#.#.#.#
..............#...###......#.#
......#####...#...# #..#.###.#
.......# #.......###..#.###.#


You could see a worm.

Vanquished Creatures
  An adder (D:2)
  A dart slug (D:1)
  A leopard gecko (D:1)
  A bat (D:2)
  2 giant cockroaches (D:2)
  3 goblins
  3 hobgoblins
  4 jackals (D:1)
  4 frilled lizards
  4 kobolds
  3 rats (D:1)
27 creatures vanquished.

Notes
Turn   | Place    | Note
-------+----------+-------------------------------------------
     0 | D:1      | slep the Vine Stalker Gladiator began the quest for the Orb.
     0 | D:1      | Reached XP level 1. HP: 11/11 MP: 2/2
   113 | D:1      | Reached skill level 3 in Axes
   209 | D:1      | Reached XP level 2. HP: 7/15 MP: 1/3
   862 | D:2      | Found a shadowy altar of Dithmenos.
   865 | D:2      | Reached XP level 3. HP: 16/18 MP: 4/4
   879 | D:2      | Reached skill level 1 in Armour
  1158 | D:2      | Found a snail-covered altar of Cheibriados.
  1160 | D:2      | Found a sacrificial altar of Ru.
  1165 | D:2      | Found a sparkling altar of Nemelex Xobeh.
  1223 | D:2      | Slain by a worm

Vault maps used:
D:1:      moated_graveyard_arrival, serial_forest, infiniplex_forest_corner_1,
          infiniplex_forest_clump_medium, infiniplex_forest_lined_corner,
          infiniplex_forest_lined_room_3, infiniplex_forest_clump_small
D:2:      grunt_temple_overflow_open, grunt_dithmenos_smoke

Skill      XL: |  1  2  3 |
---------------+----------+-----
Axes           | 3 |  3.3
Armour         | 1 |  1.0
Fighting       | 2 |  2.0
Throwing       | |  1.7
Dodging        | |  2.7
Shields        | |  0.1

Action                   || total
-------------------------++-------
Melee: War axe           ||    71
       Bite              ||    14
  Eat: Chunk             ||     1
Armor: Leather armour    ||    15
Dodge: Dodged            ||    46
Block: Shield            ||    18

Table legend:
 A = Spawn XP
 B = Non-spawn XP
 C = Spawn XP percentage of total XP
 D = Spawn monster count
 E = Non-spawn monster count
 F = Spawn count percentage of total count
 G = Total turns spent on level
                    A         B        C        D         E        F      G
               +---------+---------+-------+---------+---------+-------+---------
         Total |       0 |      60 |   0.0 |       0 |      27 |   0.0 |  1223
               +---------+---------+-------+---------+---------+-------+---------
           D:1 |       0 |      27 |   0.0 |       0 |      15 |   0.0 |   772
           D:2 |       0 |      33 |   0.0 |       0 |      12 |   0.0 |   451
               +---------+---------+-------+---------+---------+-------+---------
